Map: Jagannatha LE

Players

Duke

  • Race: Terran Terran
  • League: Diamond
  • Spawn Location: 1:00

A.I. 1 (Very Easy) - Winner!

  • Race: Terran Terran
  • Spawn Location: 7:00

VOD

Have the link to the VOD?

Description

Time

  • Played on: Feb. 15, 2021, 6:51 p.m.
  • Length: 9:36
Show
View Real Time Build Order
Export as new Build Order

Duke Terran 

Build Orders:  

Get SALT Encoding   

  12  0:00  SCV  
  13  0:12  SCV  
  14  0:17  Supply Depot  
  14  0:24  SCV  
  15  0:38  SCV  
  15  0:39  Barracks  
  16  0:43  Refinery  
  16  0:50  SCV  
  17  1:02  SCV  
  18  1:15  SCV  
  19  1:25  Marine  
  19  1:27  Orbital Command  
  20  1:38  Command Center  
  20  1:43  Marine  
  21  1:49  Supply Depot  
  21  1:53  SCV  
  22  2:05  SCV  
  22  2:06  Factory  
  23  2:11  Refinery  
  23  2:13  Marine  
  24  2:17  SCV  
  25  2:29  SCV  
  26  2:31  Barracks Tech Lab, Refinery  
  26  2:32  Refinery  
  26  2:41  SCV  
  27  2:53  SCV  
  27  2:55  Orbital Command  
  27  2:57  Siege Tank  
  31  3:00  Barracks Reactor  
  31  3:05  SCV  
  32  3:13  Supply Depot  
  32  3:17  SCV  
  33  3:21  SCV  
  34  3:29  Siege Tank  
  34  3:30  SCV  
  34  3:31  Starport  
  34  3:33  SCV  
  39  3:36  Marine x2  
  39  3:40  Supply Depot  
  41  3:42  SCV  
  41  3:46  SCV  
  43  3:54  Marine x2, SCV  
  46  3:59  SCV  
  46  4:01  Siege Tank  
  50  4:05  Supply Depot  
  50  4:06  SCV  
  50  4:08  Starport Tech Lab  
  51  4:11  SCV  
  51  4:12  Marine x2  
  54  4:19  SCV  
  54  4:23  SCV  
  56  4:26  Raven  
  56  4:28  Supply Depot  
  56  4:30  Marine x2  
  56  4:31  SCV  
  61  4:33  Siege Tank  
  61  4:35  SCV  
  65  4:43  SCV  
  66  4:45  Command Center  
  66  4:48  Marine x2  
  66  4:49  SCV  
  69  4:54  Supply Depot  
  69  4:55  SCV  
  70  5:02  SCV  
  70  5:05  Marine x2  
  70  5:06  Siege Tank  
  76  5:07  SCV  
  76  5:09  Raven  
  79  5:14  SCV  
  79  5:18  Supply Depot  
  79  5:20  SCV  
  81  5:21  Barracks  
  81  5:23  Marine  
  81  5:24  Marine, Barracks  
  81  5:28  SCV  
  84  5:32  SCV  
  85  5:38  Siege Tank  
  85  5:39  Refinery  
  85  5:40  Refinery  
  85  5:41  Marine  
  85  5:42  Marine, SCV  
  91  5:44  SCV  
  92  5:52  Raven  
  92  5:54  SCV  
  92  5:56  SCV  
  96  5:57  Orbital Command  
  96  5:59  Marine x2  
  96  6:03  Supply Depot  
  98  6:06  SCV  
  98  6:08  SCV  
  98  6:09  Barracks Reactor  
  98  6:10  Siege Tank  
  103  6:12  Barracks Reactor  
  103  6:14  Supply Depot  
  103  6:17  Marine x2  
  105  6:18  SCV  
  105  6:22  SCV  
  105  6:23  SCV  
  108  6:26  Supply Depot  
  108  6:31  SCV  
  109  6:34  SCV  
  109  6:35  SCV  
  111  6:41  Supply Depot  
  111  6:42  Viking x2, Siege Tank  
  111  6:43  Marine, Stimpack  
  111  6:44  SCV  
  111  6:46  Marine  
  111  6:47  Marine  
  120  6:48  Marine x2  
  120  6:49  Supply Depot  
  120  6:52  Barracks  
  120  6:53  Barracks  
  120  6:54  SCV  
  120  6:56  Engineering Bay, SCV  
  120  7:00  Marine  
  127  7:07  Marine  
  127  7:08  Marine x3  
  130  7:12  Viking x2  
  130  7:14  Siege Tank  
  138  7:18  Marine, Command Center  
  138  7:22  Terran Infantry Weapons Level 1  
  139  7:26  Supply Depot  
  139  7:27  Marine x4  
  143  7:36  Marine  
  144  7:39  Barracks Reactor  
  144  7:40  Barracks Reactor  
  144  7:42  Viking x2  
  148  7:45  Marine x4  
  148  7:46  Siege Tank  
  148  7:48  Supply Depot  
  148  7:50  Barracks x2  
  155  7:55  Marine  
  156  8:02  Supply Depot  
  156  8:03  Supply Depot, Marine x2  
  156  8:05  Refinery  
  158  8:09  Marine x2  
  158  8:12  Medivac x2  
  164  8:13  Marine  
  164  8:15  Marine x3  
  164  8:16  Marine  
  164  8:18  Siege Tank  
  164  8:19  Armory  
  172  8:21  Marine  
  172  8:24  Marine  
  172  8:25  Supply Depot  
  174  8:31  Orbital Command  
  174  8:32  Marine x3  
  174  8:33  Marine x4  
  181  8:34  Refinery  
  181  8:41  Marine x4  
  181  8:42  Medivac x2  
  189  8:49  Marine  
  189  8:50  Marine, Siege Tank  
  189  8:52  Marine x4  
  189  8:53  Marine  
  199  8:59  Marine  
  200  9:04  Barracks Reactor  
  200  9:08  Barracks Reactor  
  200  9:21  Command Center  
Show
View Real Time Build Order
Export as new Build Order

A.I. 1 (Very Easy) Terran - Winner!

Build Orders:  

Get SALT Encoding   

  12  0:00  SCV  
  13  0:13  SCV  
  14  0:19  Supply Depot  
  14  0:37  Refinery  
  14  0:42  Barracks  
  14  1:02  Supply Depot  
  14  1:12  Refinery  
  14  1:29  Marine, SCV  
  16  1:41  SCV  
  17  1:53  SCV  
  18  2:05  SCV  
  18  2:06  Marine  
  20  2:17  SCV  
  21  2:29  SCV  
  22  2:42  Marine, Orbital Command  
  23  6:03  Marine, SCV  
  25  6:05  Supply Depot  
  25  6:06  Factory  
  25  6:26  SCV  
  25  6:29  Supply Depot  
  26  6:35  Barracks Tech Lab  
  26  6:38  SCV  
  24  6:48  Command Center  
  24  6:51  Starport, SCV  
  24  6:53  Marine  
  26  7:03  SCV  
  27  7:25  Marine  
  28  7:30  Starport Tech Lab  
  28  7:50  Raven  
  30  7:58  Marauder  
  32  8:01  SCV  
  33  8:08  SCV  
  33  8:11  Refinery  
  34  8:15  SCV, Refinery  
  35  8:22  SCV  
  36  8:30  Marine, SCV  
  36  8:32  Raven  
  40  8:37  SCV  
  41  8:44  SCV  
  42  8:51  SCV  
  43  8:58  SCV  
  44  9:06  SCV  
  45  9:13  SCV  
  46  9:20  SCV  
Tags
 
League
Diamond
Matchup
TvT
Race
Terran
Spawn Locations
Cross Positions
Add a new tag
Caveats
  • Supply blocks, unpowered buildings, or Contaminate may cause inaccurate times.
  • Supply counts are checked every 10 seconds.